 Dungeon Crawl Stone Soup version 0.17.1-1-g73c8601 (webtiles) character file.

14 cluie the Insei (level 2, 19/24 HPs)
             Began as a Demonspawn Monk on Dec 14, 2015.
             Quit the game on level 1 of the Dungeon.
             The game lasted 00:01:49 (437 turns).

cluie the Insei (Demonspawn Monk)                    Turns: 437, Time: 00:01:49

Health: 19/24      AC:  4    Str: 11    XL:     2   Next: 27%
Magic:  2/2        EV: 13    Int: 11    God:
Gold:   33         SH:  0    Dex: 15    Spells: 0 memorised, 1 level left

rFire  . . .     SeeInvis .       - Unarmed
rCold  . . .     Clarity  .     a - +0 robe
rNeg   . . .     SustAt   .     (no shield)
rPois  .         Gourm    .     (no helmet)
rElec  .         Spirit   .     (no cloak)
rCorr  .         Warding  .     (no gloves)
rMut   .         Stasis   .     (no boots)
MR     .....                    (no amulet)
Stlth  ++........               (no ring)
                                (no ring)

@: not resistant to hostile enchantments, unstealthy
A: slimy green scales 1
a: no special abilities


You were on level 1 of the Dungeon.
You were not hungry.

You visited 1 branch of the dungeon, and saw 1 of its levels.

You collected 33 gold pieces.

Inventory:

Armour
 a - a +0 robe (worn)
Scrolls
 c - a scroll of enchant armour {unknown}
 d - a scroll of magic mapping {unknown}
 i - 2 scrolls of identify {unknown}
Potions
 e - a potion of agility {unknown}
 f - 2 potions of cancellation {unknown}
 g - a potion of haste {unknown}
 h - a potion of curing {unknown}
Comestibles
 b - a bread ration


   Skills:
 + Level 3.1 Fighting
 * Level 2.9 Dodging
 - Level 1.7 Stealth
 * Level 3.9 Unarmed Combat


You had one spell level left.
You didn't know any spells.

Dungeon Overview and Level Annotations

Branches:
Dungeon (1/15)

Altars:


Innate Abilities, Weirdness & Mutations

You are partially covered in slimy green scales (AC +2).


Message History

You hit the kobold.
The kobold is heavily wounded.
The bat barely misses you. The kobold closely misses you.
You punch the bat!
You kill the bat!
The kobold misses you.
You hit the kobold.
You kill the kobold!
No target in view!
No target in view!
No target in view!
No target in view!
No target in view!
No target in view!
No target in view!
No target in view!
No target in view!
No target in view!
No target in view!
Are you sure you want to abandon this character and quit the game? (Confirm with "yes".)

#.. #.......# ... ......
#.......# #.. ....... #.......#
......(## #.......# ........#
#.......# ........# #.......#
......... +.†(....#
.......###(@.....# ###
#......#........ ..
#.#.####..###### ########
#........... #.......
###########.......##.....####...#
..................##.....#.......
#.....#####.......#......#......#
#.....# #.......#...##.#......#
#.....# #.......#...##.#......#


There were no monsters in sight!

Vanquished Creatures
  An ooze (D:1)
  2 goblins (D:1)
  2 bats (D:1)
  4 kobolds (D:1)
  A rat (D:1)
10 creatures vanquished.

Vanquished Creatures (others)
  A draconian (D:1)
  2 octopodes (D:1)
  A vine stalker (D:1)
  A spriggan (D:1)
  A formicid (D:1)
  A vampire (D:1)
  2 humans (D:1)
  A naga (D:1)
  A dwarf (D:1)
  An ogre (D:1)
  4 tentacles (D:1)
  19 tentacle segments (D:1)
35 creatures vanquished.

Grand Total: 45 creatures vanquished

Notes
Turn   | Place    | Note
--------------------------------------------------------------
     0 | D:1      | cluie the Demonspawn Monk began the quest for the Orb.
     0 | D:1      | Reached XP level 1. HP: 18/18 MP: 1/1
     0 | D:1      | Noticed a formicid
     0 | D:1      | Noticed a human
     0 | D:1      | Noticed an octopode
     0 | D:1      | Noticed a draconian
     0 | D:1      | Noticed a human
     0 | D:1      | Noticed a dwarf
     0 | D:1      | Noticed a kraken
     0 | D:1      | Noticed a vine stalker
     0 | D:1      | Noticed a spriggan
     0 | D:1      | Noticed an octopode
     0 | D:1      | Noticed an ogre
     0 | D:1      | Noticed a vampire
     0 | D:1      | Noticed a naga
     3 | D:1      | Killed an octopode
     3 | D:1      | Killed a human
     4 | D:1      | Killed a naga
     5 | D:1      | Killed an octopode
     5 | D:1      | Killed a human
     5 | D:1      | Killed a draconian
     5 | D:1      | Killed a dwarf
     6 | D:1      | Killed a vampire
     7 | D:1      | Killed an ogre
     7 | D:1      | Killed a vine stalker
     8 | D:1      | Killed a formicid
    10 | D:1      | Killed a spriggan
   369 | D:1      | Gained mutation: You are partially covered in slimy green scales (AC +2). [demonic ancestry]
   369 | D:1      | Reached XP level 2. HP: 14/24 MP: 2/2
   437 | D:1      | Quit the game

Action                   || total
-------------------------++-------
Melee: Unarmed           ||    40
